 Dungeon Crawl Stone Soup version 0.18.1-8-gdd0e5ea (webtiles) character file.

20924 kae the Thaumaturge (level 12, -19/76 HPs)
             Began as a Tengu Fire Elementalist on May 23, 2016.
             Was a High Priest of Vehumet.
             Demolished by Rupert
             ... wielding a +2 great mace of crushing
              (21 damage)
             ... on level 4 of the Lair of Beasts.
             The game lasted 00:33:02 (20367 turns).

kae the Thaumaturge (Tengu Fire Elementalist)      Turns: 20367, Time: 00:33:03

Health: -19/76     AC:  6    Str:  8    XL:     12   Next: 84%
Magic:  11/28      EV: 20    Int: 20    God:    Vehumet [*****.]
Gold:   1021       SH:  0    Dex: 18    Spells: 8 memorised, 7 levels left

rFire  + . .     SeeInvis .     p - +3 mace (drain)
rCold  x . .     Gourm    .     C - +2 robe {rF+}
rNeg   + . .     Faith    .     (no shield)
rPois  .         Spirit   .     (helmet restricted)
rElec  .         Dismiss  +     m - +0 cloak
rCorr  .         Reflect  .     n - +0 pair of gloves
SustAt .         Harm     .     (boots unavailable)
MR     .....                    g - amulet of Jealousy {Dismiss rF- rN+ Dex+2}
Stlth  ++........               a - ring of wizardry
                                K - ring of fire

@: not resistant to hostile enchantments, unstealthy
A: beak, talons 3, able to fly 1
a: Fly, Renounce Religion


You were on level 4 of the Lair of Beasts.
You worshipped Vehumet.
Vehumet was extremely pleased with you.
You were near starving.

You visited 3 branches of the dungeon, and saw 15 of its levels.
You also visited: Sewer and Volcano.

You collected 1021 gold pieces.

Inventory:

Hand Weapons
 p - a +3 mace of draining (weapon)
Armour
 m - a +0 cloak (worn)
 n - a +0 pair of gloves (worn)
 C - a +2 robe of fire resistance (worn)
Jewellery
 a - a ring of wizardry (right hand)
 g - the amulet of Jealousy (around neck) {Dismiss rF- rN+ Dex+2}
   (You found it on level 4 of the Lair of Beasts)

   [amulet of dismissal]

   It may teleport away creatures that harm you.
   It affects your dexterity (+2).
   It makes you vulnerable to fire.
   It protects you from negative energy.
 h - an uncursed ring of ice {unknown}
 i - a +2 ring of strength
 K - a ring of fire (left hand)
Wands
 o - a wand of slowing (23/48)
Scrolls
 e - 10 scrolls of remove curse
 f - 3 scrolls of teleportation
 l - 2 scrolls of magic mapping
 t - 4 scrolls of immolation
 x - a scroll of recharging
 y - 3 scrolls of amnesia
 N - a scroll of fear
Potions
 d - 7 potions of flight
 k - 4 potions of resistance
 w - a potion of ambrosia {unknown}
 E - 2 potions of haste
 F - 2 potions of cancellation
 G - a potion of berserk rage {unknown}
 H - a potion of mutation {unknown}
 R - a potion of brilliance
 S - 3 potions of heal wounds
Books
 b - a book of Flames

   Spells                             Type                      Level
   a - Flame Tongue                   Conjuration/Fire             1
   b - Throw Flame                    Conjuration/Fire             2
   c - Conjure Flame                  Conjuration/Fire             3
   d - Inner Flame                    Hexes/Fire                   3
   e - Sticky Flame                   Conjuration/Fire             4
   f - Fireball                       Conjuration/Fire             5
 r - a book of Debilitation

   Spells                             Type                      Level
   a - Corona                         Hexes                        1
   b - Slow                           Hexes                        2
   c - Gell's Gravitas                Hexes/Translocation          3
   d - Inner Flame                    Hexes/Fire                   3
   e - Cause Fear                     Hexes                        4
   f - Leda's Liquefaction            Hexes/Earth                  4
 I - a book of Geomancy

   Spells                             Type                      Level
   a - Sandblast                      Earth                        1
   b - Passwall                       Transmutation/Earth          2
   c - Stone Arrow                    Conjuration/Earth            3
   d - Petrify                        Transmutation/Earth          4
   e - Lee's Rapid Deconstruction     Earth                        5
Comestibles
 c - 10 bread rations


   Skills:
 - Level 9.1 Fighting
 - Level 10.5 Dodging
 - Level 2.0 Stealth
 + Level 11.9 Spellcasting
 - Level 10.8 Conjurations
 - Level 9.5 Fire Magic


You had 7 spell levels left.
You knew the following spells:

 Your Spells              Type           Power        Failure   Level  Hunger
a - Flame Tongue          Conj/Fire      #####        1%          1    None
b - Throw Flame           Conj/Fire      ######       1%          2    None
c - Conjure Flame         Conj/Fire      ######..     1%          3    None
d - Sticky Flame          Conj/Fire      ######..     1%          4    #......
e - Fireball              Conj/Fire      ######....   1%          5    ####...
f - Freeze                Ice            #...         1%          1    None
g - Bolt of Fire          Conj/Fire      ######....   1%          6    ######.
h - Lightning Bolt        Conj/Air       ####......   2%          5    ####...


Dungeon Overview and Level Annotations

Branches:
Dungeon (9/15)             Temple (1/1) D:4            Lair (5/8) D:8
 Shoals (0/4) Lair:3          Orc (0/2) D:9
  Snake: Lair:3-6    Spider: Lair:3-6

Altars:
Ashenzari
Cheibriados
Dithmenos
Elyvilon
Fedhas
Gozag
Kikubaaqudgha
Makhleb
Nemelex Xobeh
Okawaru
Pakellas
Qazlal
Ru
Sif Muna
Trog
Vehumet
Xom
Yredelemnul
Zin
The Shining One

Shops:
D:5 [

Annotations:
Lair:4 Rupert


Innate Abilities, Weirdness & Mutations

You have a beak for a mouth.
You have claws for feet.
You can fly.


Message History

Confirm with . or Enter, or press ? or * to list all spells.
Aiming: Flame Tongue
Press: ? - help, Shift-Dir - straight line, f/p - Rupert
Aim: Rupert, wielding a great mace of crushing and wearing a leather armour (flame, heavily wounded, berserk, fast, unusually strong, covered in liquid flames)
You feel a surge of power!
The flame tongue hits Rupert.
Rupert is heavily wounded.
Rupert burns!
Rupert is engulfed in roaring flames.
Rupert barely misses you.
Casting: Flame Tongue
Confirm with . or Enter, or press ? or * to list all spells.
Aiming: Bolt of Fire
Press: ? - help, Shift-Dir - straight line, f/p - Rupert
Aim: Rupert, wielding a great mace of crushing and wearing a leather armour (flame, heavily wounded, berserk, fast, unusually strong, covered in liquid flames)
You feel a surge of power!
The bolt of fire hits Rupert.
Rupert is severely wounded.
Rupert burns!
Rupert is engulfed in roaring flames.
Rupert hits you with a great mace of crushing!!
* * * LOW HITPOINT WARNING * * *
x2 Rupert is engulfed in roaring flames.
Rupert hits you with a great mace of crushing!!
You die...

....## ###...............P
...## ##.#................
....### #..............#....
...#..##
##............#..#P#
.......# #...........#.#####
.......## ##.......P###### #
........# #.#.......#
........### ##.......##
..........####.#@......#
.........###.##@....#######
...........##..#.#.## ##..##
##.............##.## #P...#
##..............#######...#
##..............##..###..##
##@S................#....#.#
#.#r.................#....##
###....>................P##


You could see Rupert (berserk).

Vanquished Creatures
  Pikel (D:5)
  A griffon (Lair:3)
  An ugly thing (D:7)
  A siren (Lair:3)
  4 spiny frogs
  6 komodo dragons
  A queen bee (D:8)
  A troll (D:9)
  Prince Ribbit (D:5)
  Grinder (D:3)
  8 blink frogs (Lair:4)
  Duvessa (D:5)
  Dowan (D:5)
  A hog (Volcano)
  2 wyverns (D:8)
  14 yaks
  Grum (D:8)
  A steam dragon (D:6)
  4 basilisks
  5 hippogriffs
  2 wargs (D:9)
  Menkaure (D:5)
  8 water moccasins
  6 porcupines
  2 orc warriors
  The ghost of Liquid the Slasher, an amateur NaGl (Sewer)
  A black bear (D:4)
  6 ogres
  3 phantoms
  2 sky beasts
  2 ice beasts
  The ghost of Lovchig the Ducker, an amateur MiGl (D:3)
  2 necrophages (D:9)
  8 wolves
  8 centaurs
  6 crocodiles
  5 big kobolds
  10 giant frogs
  A gnoll sergeant (D:7)
  A water moccasin zombie (D:9)
  A wyvern skeleton (D:9)
  3 scorpions
  33 killer bees
  3 howler monkeys
  3 wights (D:9)
  A vampire bat (Lair:3)
  A crimson imp (D:5)
  8 hounds
  2 gnoll shamans (D:7)
  A giant frog skeleton (D:4)
  8 orc priests
  A centaur skeleton (D:9)
  Terence (D:2)
  6 iguanas
  Natasha (thrice) (D:2)
  10 orc wizards
  8 worker ants
  4 sheep (Lair:3)
  A hound zombie (D:5)
  A hound skeleton (D:8)
  Robin (D:2)
  A worker ant zombie (D:6)
  9 gnolls
  7 adders
  20 river rats
  4 oozes
  An adder skeleton (D:8)
  4 worms
  A dart slug (D:1)
  4 giant geckos
  34 orcs
  3 ball pythons
  19 bats
  9 giant cockroaches
  20 goblins
  12 hobgoblins
  6 jackals
  27 kobolds
  4 quokkas
  A giant gecko skeleton (D:4)
  A giant gecko zombie (D:5)
  5 giant newts
  11 rats
  3 plants (D:7)
438 creatures vanquished.

Vanquished Creatures (others)
  2 slaves (D:5)
  A fungus (Lair:3)
  11 plants (D:7)
14 creatures vanquished.

Grand Total: 452 creatures vanquished

Notes
Turn   | Place    | Note
--------------------------------------------------------------
     0 | D:1      | kae the Tengu Fire Elementalist began the quest for the Orb.
     0 | D:1      | Reached XP level 1. HP: 10/10 MP: 4/4
   235 | D:1      | Reached XP level 2. HP: 15/15 MP: 6/6
   706 | D:2      | Noticed Natasha
   733 | D:2      | Killed Natasha
   733 | D:2      | Reached XP level 3. HP: 10/19 MP: 3/7
   890 | D:2      | Found a faded altar to an unknown god.
   973 | D:2      | Reached XP level 4. HP: 24/24 MP: 5/8
  1018 | D:2      | Found a snail-covered altar of Cheibriados.
  1044 | D:2      | Noticed Terence
  1062 | D:2      | Killed Terence
  1421 | D:2      | Gained mutation: You can fly. [Tengu growth]
  1421 | D:2      | Reached XP level 5. HP: 26/28 MP: 10/10
  1446 | D:2      | Noticed Robin
  1446 | D:2      | Noticed Natasha
  1448 | D:2      | Found a white marble altar of Elyvilon.
  1481 | D:2      | Killed Natasha
  1494 | D:2      | Killed Robin
  1494 | D:2      | Reached skill level 3 in Spellcasting
  1583 | D:2      | Found an iron altar of Okawaru.
  1741 | D:2      | Noticed Natasha
  1749 | D:2      | Killed Natasha
  1925 | D:3      | Noticed Lovchig's ghost (amateur MiGl)
  1943 | D:2      | Learned a level 2 spell: Throw Flame
  1947 | D:2      | Learned a level 3 spell: Conjure Flame
  1952 | D:2      | Learned a level 4 spell: Sticky Flame
  2316 | D:3      | Noticed Grinder
  2332 | D:3      | Reached skill level 5 in Spellcasting
  2332 | D:3      | Reached skill level 10 in Conjurations
  2332 | D:3      | Reached XP level 6. HP: 25/32 MP: 1/15
  2450 | D:2      | Learned a level 5 spell: Fireball
  2472 | D:3      | Paralysed by Grinder for 7 turns
  2476 | D:3      | Killed Grinder
  2476 | D:3      | Reached skill level 1 in Fighting
  2476 | D:3      | Reached XP level 7. HP: 17/38 MP: 10/16
  2736 | D:3      | Found a white marble altar of Elyvilon.
  2802 | D:3      | Killed Lovchig's ghost
  3355 | D:4      | Found an opulent altar of Gozag.
  3473 | D:4      | Found a sacrificial altar of Ru.
  3818 | D:4      | Reached XP level 8. HP: 6/45 MP: 8/17
  4038 | D:4      | Found a staircase to the Ecumenical Temple.
  4060 | Temple   | Entered the Ecumenical Temple
  4194 | Temple   | Became a worshipper of Vehumet
  4567 | D:5      | Entered Level 5 of the Dungeon
  4567 | D:5      | Found a glowing drain.
  4567 | D:5      | Noticed Prince Ribbit
  4618 | Sewer    | Entered a sewer
  4693 | Sewer    | Noticed Liquid's ghost (amateur NaGl)
  4992 | Sewer    | Reached skill level 5 in Dodging
  5014 | Sewer    | Killed Liquid's ghost
  5150 | Sewer    | Reached * piety under Vehumet
  5150 | Sewer    | Offered knowledge of Freeze by Vehumet.
  5157 | Sewer    | Learned a level 1 spell: Freeze
  5265 | D:5      | Found Tiatus's Antique Armour Shop.
  5306 | D:5      | Killed Prince Ribbit
  5306 | D:5      | Reached XP level 9. HP: 30/52 MP: 4/18
  5572 | D:5      | Noticed Menkaure
  5575 | D:5      | Noticed Dowan
  5576 | D:5      | Noticed Duvessa
  5646 | D:5      | Noticed Pikel
  5801 | D:5      | Killed Menkaure
  5801 | D:5      | Reached skill level 5 in Fighting
  5938 | D:5      | Killed Pikel
  6247 | D:5      | Killed Duvessa
  6251 | D:5      | Killed Dowan
  6767 | D:6      | Found a sparkling altar of Nemelex Xobeh.
  6780 | D:6      | Reached ** piety under Vehumet
  6780 | D:6      | Offered knowledge of Magic Dart by Vehumet.
  6780 | D:6      | Reached XP level 10. HP: 43/60 MP: 10/19
  7839 | D:7      | Offered knowledge of Throw Frost by Vehumet.
  8469 | D:8      | Reached *** piety under Vehumet
  8620 | D:8      | Noticed Grum
  8644 | D:8      | Killed Grum
  9184 | D:8      | Found a deep blue altar of Sif Muna.
  9371 | D:8      | Found a staircase to the Lair.
 10172 | D:7      | Offered knowledge of Dazzling Spray by Vehumet.
 10616 | D:7      | Reached XP level 11. HP: 68/68 MP: 11/20
 10928 | D:7      | Reached **** piety under Vehumet
 10932 | D:7      | HP: 3/68 [killer bee (6)]
 10933 | D:7      | HP: 1/68 [killer bee (8)]
 11511 | D:7      | Offered knowledge of Venom Bolt by Vehumet.
 12018 | D:7      | Noticed a brown ugly thing
 12023 | D:7      | Killed a brown ugly thing
 12023 | D:7      | Reached skill level 10 in Dodging
 13197 | D:9      | Found a staircase to the Orcish Mines.
 13227 | D:9      | Reached ***** piety under Vehumet
 13227 | D:9      | Offered knowledge of Bolt of Fire by Vehumet.
 13283 | D:9      | Reached skill level 6 in Spellcasting
 13545 | D:9      | Learned a level 6 spell: Bolt of Fire
 13946 | D:9      | Found a stormy altar of Qazlal.
 14214 | D:9      | Reached skill level 7 in Spellcasting
 14253 | Lair:1   | Entered Level 1 of the Lair of Beasts
 14431 | Lair:1   | Found a dark tunnel.
 14452 | Volcano  | Entered a volcano
 14487 | Volcano  | Noticed a deep elf mage
 14794 | Lair:1   | Reached skill level 8 in Spellcasting
 16114 | Lair:2   | Reached XP level 12. HP: 58/76 MP: 10/25
 16318 | Lair:2   | Offered knowledge of Lightning Bolt by Vehumet.
 16406 | Lair:2   | Learned a level 5 spell: Lightning Bolt
 16566 | Lair:2   | Reached skill level 9 in Spellcasting
 17508 | Lair:3   | Reached skill level 10 in Spellcasting
 17964 | Lair:3   | Found a staircase to the Shoals.
 18734 | Lair:4   | Got a warped graven amulet
 18743 | Lair:4   | Identified the amulet of Jealousy {Dismiss rF- rN+ Dex+2} (You found it on level 4 of the Lair of Beasts)
 18857 | Lair:4   | Reached skill level 11 in Spellcasting
 20077 | Lair:5   | Noticed Rupert
 20367 | Lair:4   | HP: 2/76 [Rupert/great mace of crushing (6)]
 20367 | Lair:4   | Demolished by Rupert

Skill      XL: |  1  2  3  4  5  6  7  8  9 10 11 12 |
---------------+-------------------------------------+-----
Conjurations   | 2 3 4 10 | 10.8
Fire Magic     | 4 9 |  9.5
Spellcasting   | 5 8 11 | 11.9
Fighting       | 1 2 4 6 8 9 |  9.1
Dodging        | 3 5 7 9 10 | 10.5
Stealth        | |  2.0

Action                   |  1- 3 |  4- 6 |  7- 9 | 10-12 || total
-------------------------+-------+-------+-------+-------++-------
Melee: Short sword       |     4 |       |       |       ||     4
       Kick              |     3 |    12 |    30 |    95 ||   140
       Unarmed           |     1 |       |       |       ||     1
       Mace              |    16 |    90 |   158 |   404 ||   668
       Peck              |     2 |     7 |    23 |    59 ||    91
 Cast: Flame Tongue      |    19 |    46 |   167 |   537 ||   769
       Conjure Flame     |       |     1 |     2 |     9 ||    12
       Sticky Flame      |       |     1 |    11 |    66 ||    78
       Throw Flame       |       |       |     8 |   164 ||   172
       Freeze            |       |       |    13 |       ||    13
       Fireball          |       |       |       |     1 ||     1
       Bolt of Fire      |       |       |       |     7 ||     7
  Use: Scroll            |     5 |     3 |     6 |    12 ||    26
       Potion            |       |     6 |     3 |     7 ||    16
 Stab: Sleeping          |     2 |     3 |     2 |     1 ||     8
       Invisible         |       |     4 |       |       ||     4
       Distracted        |       |       |       |     1 ||     1
  Eat: Chunk             |       |     6 |    12 |    47 ||    65
       Meat ration       |       |       |     1 |       ||     1
       Pizza             |       |       |       |     1 ||     1
       Fruit             |       |       |       |     1 ||     1
Armor: Robe              |     7 |    55 |    56 |   132 ||   250
       Skin              |       |       |       |    39 ||    39
Dodge: Dodged            |    12 |    99 |   238 |   796 ||  1145
